 Dungeon Crawl Stone Soup version 0.21-a0-591-g2314aa1 (webtiles) character file.

84 Gerstahl the Slasher (level 4, -3/35 HPs)
             Began as a Demonspawn Gladiator on Dec 22, 2017.
             Slain by an adder (4 damage)
             ... on level 2 of the Dungeon.
             The game lasted 00:03:01 (1464 turns).

Gerstahl the Slasher (Demonspawn Gladiator)         Turns: 1464, Time: 00:03:01

Health: -3/35      AC:  4    Str: 15    XL:     4   Next: 23%
Magic:  4/4        EV: 12    Int:  9    God:
Gold:   119        SH:  0    Dex: 15    Spells: 3/3 levels left

rFire    + . .     SeeInvis .   a - +0 long sword
rCold    . . .     Gourm    .   (no shield)
rNeg     . . .     Faith    .   b - +0 leather armour
rPois    .         Spirit   .   c - +0 helmet
rElec    .         Reflect  .   (no cloak)
rCorr    .         Harm     .   (no gloves)
MR       .....                  (no boots)
Stlth    +.........             (no amulet)
HPRegen  0.11/turn              (no ring)
MPRegen  0.09/turn              (no ring)

@: very slightly contaminated, invisible
A: fire resistance 1
a: no special abilities


You were on level 2 of the Dungeon.
You were very hungry.

You visited 1 branch of the dungeon, and saw 2 of its levels.

You collected 119 gold pieces.

Inventory:

Hand Weapons
 a - a +0 long sword (weapon)
Missiles
 d - 2 throwing nets (quivered)
Armour
 b - a +0 leather armour (worn)
 c - a +0 helmet (worn)
Jewellery
 i - an uncursed ring of fire {unknown}
Scrolls
 g - a scroll of remove curse {unknown}
 h - a scroll of immolation {unknown}
Comestibles
 f - 2 rations


   Skills:
 + Level 3.4 Fighting
 + Level 3.8 Long Blades
 - Level 1.7 Throwing
 - Level 2.6 Dodging


You had 3 spell levels left.
You didn't know any spells.

Dungeon Overview and Level Annotations

Branches:
Dungeon (2/15)

Altars:

Annotations:
D:2 Terence


Innate Abilities, Weirdness & Mutations

Your flesh is heat resistant. (rF+)


Message History

The goblin hits you.
* * * LOW HITPOINT WARNING * * *
The adder barely misses you.
The goblin shouts!
The adder bites you but does no damage. The adder bites you.
* * * LOW HITPOINT WARNING * * *
The adder barely misses you. The adder barely misses you.
There is an escape hatch in the ceiling here.
It was a potion of invisibility.
You fade into invisibility!
The adder bites you.
* * * LOW HITPOINT WARNING * * *
You are very lightly contaminated with residual magic.
It was a potion of magic.
Magic courses through your body. The adder bites you but does no damage.
The goblin misses you. The goblin hits you but does no damage.
The adder bites you.
You die...

###.....÷÷..............
........)...............
###....##÷)..$....?.....
#...###..#............
#...#.................
#...#.......@.........
.##...#.......g.........
.............)[Sgg.#...
#............#.g@.## #
.............#....#
.............#....#
.............#....#
.......<.....######
...>......####
......@g.## ...g......
..........#


You could see Terence, an adder and 4 goblins.

Vanquished Creatures
  Robin (D:2)
  An ooze (D:2)
  5 dart slugs (D:1)
  A leopard gecko (D:1)
  12 goblins
  5 hobgoblins
  6 jackals
  9 bats (D:1)
  4 frilled lizards
  5 kobolds
  5 rats
54 creatures vanquished.

Notes
Turn   | Place    | Note
-------+----------+-------------------------------------------
     0 | D:1      | Gerstahl the Demonspawn Gladiator began the quest for the Orb.
     0 | D:1      | Reached XP level 1. HP: 16/16 MP: 1/1
    65 | D:1      | Gained mutation: Your flesh is heat resistant. (rF+) [demonic ancestry]
    65 | D:1      | Reached XP level 2. HP: 17/23 MP: 2/2
   454 | D:1      | Reached XP level 3. HP: 18/28 MP: 3/3
   956 | D:2      | Noticed Robin
  1096 | D:2      | Killed Robin
  1096 | D:2      | Reached XP level 4. HP: 17/35 MP: 4/4
  1354 | D:2      | Noticed Terence
  1457 | D:2      | HP: 1/35 [adder (3)]
  1462 | D:2      | HP: 1/35 [adder (1)]
  1464 | D:2      | Slain by an adder

Vault maps used:
D:1:      onia_arrival_pyramid
D:2:      first_ration, minmay_door_square, uniq_natasha, uniq_robin,
          uniq_terence

Skill      XL: |  1  2  3 |
---------------+----------+-----
Long Blades    | 3 |  3.8
Fighting       | 3 |  3.4
Throwing       | |  1.7
Dodging        | |  2.6

Action                   |  1- 3 |  4- 6 || total
-------------------------+-------+-------++-------
Melee: Long sword        |    99 |    34 ||   133
Throw: Throwing net      |     1 |       ||     1
  Use: Potion            |       |     2 ||     2
 Stab: Sleeping          |     2 |       ||     2
       Held in net/web   |     1 |       ||     1
  Eat: Chunk             |     1 |       ||     1
Armor: Leather armour    |    32 |    20 ||    52
Dodge: Dodged            |    86 |    50 ||   136
       Rpst.: Long sword |    28 |    11 ||    39

Table legend:
 A = Spawn XP
 B = Non-spawn XP
 C = Spawn XP percentage of total XP
 D = Spawn monster count
 E = Non-spawn monster count
 F = Spawn count percentage of total count
 G = Total turns spent on level
                    A         B        C        D         E        F      G
               +---------+---------+-------+---------+---------+-------+---------
         Total |       0 |     120 |   0.0 |       0 |      54 |   0.0 |  1464
               +---------+---------+-------+---------+---------+-------+---------
           D:1 |       0 |      68 |   0.0 |       0 |      35 |   0.0 |  1283
           D:2 |       0 |      52 |   0.0 |       0 |      19 |   0.0 |   181
               +---------+---------+-------+---------+---------+-------+---------
